 Dungeon Crawl Stone Soup version 0.27-a0-1081-ge8a0a9c698 (webtiles) character file.

Game seed: 7501705698319936169

183 tardwrangler69 the Poker (level 5, 0/41 HPs)
             Began as a Merfolk Gladiator on Apr 25, 2021.
             Slain by an adder skeleton (2 damage)
             ... on level 4 of the Dungeon.
             The game lasted 00:02:48 (3970 turns).

tardwrangler69 the Poker (Merfolk Gladiator)        Turns: 3970, Time: 00:02:48

Health: 0/41       AC:  4    Str: 16    XL:     5   Next: 62%
Magic:  5/5        EV: 14    Int:  7    God:
Gold:   118        SH:  0    Dex: 15    Spells: 4/4 levels left

rFire    + . .     SeeInvis .   a - +0 trident
rCold    + . .     Faith    .   (no shield)
rNeg     . . .     Spirit   .   b - +0 leather armour
rPois    .         Reflect  .   c - +0 helmet
rElec    .         Harm     .   k - scarf {rC+ rF+}
rCorr    .         Rampage  .   (no gloves)
Will     .....                  (no boots)
Stlth    +.........             (no amulet)
HPRegen  0.13/turn              (no ring)
MPRegen  0.09/turn              (no ring)

@: no status effects
A: (nimble swimmer 2), mertail
a: no special abilities


You were on level 4 of the Dungeon.
You visited 1 branch of the dungeon, and saw 4 of its levels.

You collected 118 gold pieces.

Inventory:

Hand Weapons
 a - a +0 trident (weapon)
Missiles
 d - 3 throwing nets (quivered)
Armour
 b - a +0 leather armour (worn)
 c - a +0 helmet (worn)
 k - a scarf of resistance (worn)
Scrolls
 e - 2 scrolls of identify {unknown}
 f - a scroll of teleportation {unknown}
 i - a scroll of fog {unknown}
 j - 3 scrolls of enchant armour {unknown}
 l - 2 scrolls of vulnerability {unknown}
 m - a scroll of immolation {unknown}
Potions
 g - a potion of might {unknown}
 h - a potion of curing {unknown}


   Skills:
 + Level 3.5 Fighting
 * Level 7.0 Polearms
 - Level 2.0 Throwing
 + Level 5.3 Dodging


You had 4 spell levels left.
You didn't know any spells.
Your spell library contained the following spells:

 Spells                   Type           Power      Damage    Failure   Level
 Apportation              Tloc           0%         N/A       50%         1
 Teleport Other           Tloc           0%         N/A       86%         3
 Animate Armour           Summ/Erth      0%         N/A       99%         4
 Summon Mana Viper        Hex/Summ       0%         N/A       100%        5
 Summon Hydra             Summ           0%         N/A       100%        7


Dungeon Overview and Level Annotations

Branches:
Dungeon (4/15)
 Temple: D:4-7

Altars:

Annotations:
D:4 Natasha


Innate Abilities, Weirdness & Mutations

((You are quick and stealthy near water. (Stealth+, EV+, Speed+++)))
Your lower body shifts to a powerful aquatic tail in water.


Message History

The adder hisses angrily.
The orc closely misses you.
The orc shouts!
You hit the orc but do no damage.
The orc is lightly wounded.
The orc completely misses you.
An orc comes into view. It is wielding a +0 club.
The orc shouts!
You hit the orc.
The orc is moderately wounded.
The ogre barely misses you. The orc barely misses you.
Natasha, Servant of Life and Death comes into view.
Natasha hisses angrily.
You hit the orc but do no damage.
The orc is moderately wounded.
You hear an angry hiss.
A goblin comes into view. It is wielding a +0 dagger.
The orc hits you with a +2 flail of protection.
The ogre hits you with a +0 giant club!
You hit the orc but do no damage.
The orc is moderately wounded.
The orc completely misses you.
You hit the orc.
The orc is heavily wounded.
The ogre misses you.
The orc hits you with a +2 flail of protection.
You hit the orc.
You kill the orc!
The ogre hits you with a +0 giant club!!
Ouch! That really hurt!
* * * LOW HITPOINT WARNING * * *
You are too injured to fight recklessly!
You are too injured to fight recklessly!
You are too injured to fight recklessly!
You are too injured to fight recklessly!
You are too injured to fight recklessly!
You are too injured to fight recklessly!
You are too injured to fight recklessly!
The adder skeleton bites you.
You die...

#...........#
#........... ##
#..$.......#
...
#......g.?.##..
#.............
#^........##.#
#.)..O.oS...
#....Z.o#
#..:.@..#
#....<..#
#.......#
#.......#
#########


You could see an ogre, an adder, 2 orcs, a goblin and an adder skeleton.

Vanquished Creatures
  6 gnolls
  6 adders
  2 worms (D:2)
  2 dart slugs
  3 orcs
  6 ball pythons
  2 endoplasms (D:3)
  A giant cockroach (D:2)
  5 goblins
  2 hobgoblins (D:2)
  A jackal (D:2)
  7 kobolds
  5 quokkas
  6 bats
  2 frilled lizards
  8 rats
64 creatures vanquished.

Notes
Turn   | Place    | Note
-------+----------+-------------------------------------------
     0 | D:1      | tardwrangler69 the Merfolk Gladiator began the quest for
                  | the Orb.
     0 | D:1      | Reached XP level 1. HP: 16/16 MP: 1/1
   162 | D:1      | Reached XP level 2. HP: 10/23 MP: 2/2
   356 | D:1      | Reached skill level 5 in Polearms
   675 | D:1      | Reached XP level 3. HP: 28/28 MP: 3/3
  1960 | D:2      | Reached XP level 4. HP: 19/34 MP: 4/4
  2253 | D:2      | Reached skill level 6 in Polearms
  2822 | D:3      | Reached skill level 5 in Dodging
  2828 | D:3      | Reached XP level 5. HP: 11/41 MP: 5/5
  3495 | D:3      | Found a faded altar of an unknown god.
  3836 | D:3      | Reached skill level 7 in Polearms
  3847 | D:3      | Identified Ysayn's Grimoire of Supportive Displacement
  3959 | D:4      | Noticed an ogre
  3965 | D:4      | Noticed Natasha
  3969 | D:4      | HP: 2/41 [ogre/+0 giant club (21)]
  3970 | D:4      | Slain by an adder skeleton

Illustrated notes

Levels and vault maps discovered:
D:1:      dpeg_arrival_boxorama, layout_basic
D:2:      minmay_chambers_of_twos, layout_rooms, minivault_4,
          kennysheep_crisscross
D:3:      layout_basic, shapermc_ecumenical_altar_mp_vishouse, serial_glass,
          glass_columns_a, glass_columns_a, feat_on_display,
          due_unseen_surprise, feat_on_display, feat_on_display,
          minmay_quantized
D:4:      layout_rooms, serial_shops, shop, uniq_natasha

Skill      XL: |  1  2  3  4  5 |
---------------+----------------+-----
Polearms       | 5 6 7 |  7.0
Fighting       | 3 |  3.5
Dodging        | 5 |  5.3
Throwing       | |  2.0

Action                   |  1- 3 |  4- 6 || total
-------------------------+-------+-------++-------
Melee: Trident           |   124 |   111 ||   235
 Stab: Sleeping          |     3 |     1 ||     4
Armor: Leather armour    |    15 |    15 ||    30
Dodge: Dodged            |    80 |    57 ||   137

Table legend: (Time is in decaauts)
 A = Elapsed time spent in this place.
 B = Non-inter-level travel time spent in this place.
 C = Inter-level travel time spent in this place.
 D = Time resting spent in this place.
 E = Time spent auto-exploring this place.
 F = Levels seen in this place.
 G = Mean time per level.
                   A        B        C        D        E       F      G
               +--------+--------+--------+--------+--------+-----+--------+
         Total |   3968 |   3905 |     63 |      0 |   3476 |   4 |  992.0 |
       Dungeon |   3968 |   3905 |     63 |      0 |   3476 |   4 |  992.0 |
               +--------+--------+--------+--------+--------+-----+--------+

Top non-repeatable levels by time:
     D:1: 1458 daAuts
     D:3: 1453 daAuts
     D:2: 1042 daAuts
     D:4: 14 daAuts
